 Dungeon Crawl Stone Soup version 0.30-a0-159-g068b764562 (webtiles) character file.

Game seed: 11293302211086344447

4 ryw the Trooper (level 1, 0/18 HPs)
             Began as a Demonspawn Monk on Sept 27, 2022.
             Slain by a gnoll
             ... wielding a +0 flail
              (5 damage)
             ... on level 1 of the Dungeon.
             The game lasted 00:00:35 (236 turns).

ryw the Trooper (Demonspawn Monk)                    Turns: 236, Time: 00:00:36

Health: 0/18       AC:  7    Str: 11    XL:     1   Next: 58%
Magic:  1/1        EV:  9    Int: 11    God:
Gold:   13         SH:  0    Dex: 15    Spells: 0/0 levels left

rFire   . . .      SeeInvis .      - Unarmed
rCold   . . .      Faith    .    (no shield)
rNeg    . . .      Spirit   .    d - +0 scale mail
rPois   .          Reflect  .    (no helmet)
rElec   .          Harm     .    (no cloak)
rCorr   .          Rampage  .    c - +0 pair of gloves
Will    .....                    (no boots)
Stlth   +.........               (no amulet)
HPRegen 0.06/turn                (no ring)
MPRegen 0.07/turn                (no ring)

@: no status effects
A: no striking features
a: no special abilities


You were on level 1 of the Dungeon.
You visited 1 branch of the dungeon, and saw 1 of its levels.

You collected 13 gold pieces.

Inventory:

Armour
 c - a +0 pair of gloves (worn)
 d - a +0 scale mail (worn)
Potions
 b - a potion of ambrosia


   Skills:
 + Level 3.3 Fighting
 - Level 2.6 Dodging
 - Level 1.7 Stealth
 - Level 2.6 Unarmed Combat


You couldn't memorise any spells.
You didn't know any spells.
Your spell library was empty.

Dungeon Overview and Level Annotations

Branches:
Dungeon (1/15)

Altars:


Message History

You kill the bat!
No target in view!
No target in view!
No target in view!
A bat comes into view.
The bat barely misses you.
You hit the bat.
You kill the bat!
No target in view!
No target in view!
No target in view!
Found an escape hatch in the floor.
You open the door.
A goblin comes into view. It is wielding a +0 club.
The goblin shouts!
There is an open door here.
A goblin is nearby!
No reachable target in view!
A goblin is nearby!
You see here 13 gold pieces.
You now have 13 gold pieces.
A gnoll comes into view. It is wielding a +0 flail.
Found an amethyst potion.
The gnoll hits you with a +0 flail!
You see here a sapphire potion.
Unknown command.
You barely miss the gnoll. The gnoll barely misses you.
You hit the gnoll but do no damage. The gnoll closely misses you.
Okay, then.
Unknown command.
You hit the gnoll but do no damage. The gnoll hits you with a +0 flail.
Unknown command.
You hit the gnoll.
The gnoll is lightly wounded.
The gnoll hits you with a +0 flail.
* * * LOW HITPOINT WARNING * * *
Unknown command.
The goblin barely misses you.
There is an open door here.
The gnoll attacks as you move away! The gnoll hits you with a +0 flail.
You die...

################## # ##
.................. ..#.
.........#.
.#....#....#
#....⌠...##...###...##.
#.........#...#.......
##...g.......#...#...#.
#...##@#....##.##..#...
. ##g###.........#...#
#!##>#...†.##......#
##..##....#......#..
.####...#...##..#.#. ..
.....##..#......#.
#.......#.......##..#.
....⌠...#.#.##..#.....
........#....#..#.#...#


You could see a gnoll and a goblin.

Vanquished Creatures
  2 bats (D:1)
  A hobgoblin (D:1)
  A kobold (D:1)
4 creatures vanquished.

Notes
Turn   | Place    | Note
-------+----------+-------------------------------------------
     0 | D:1      | ryw the Demonspawn Monk began the quest for the Orb.
     0 | D:1      | Reached XP level 1. HP: 18/18 MP: 1/1
   236 | D:1      | Slain by a gnoll

Illustrated notes

Levels and vault maps discovered:
D:1:      erik_arrival_cave_to_civilisation [erik_arrival_cave_to_hall],
          layout_basic, shapermc_ecumenical_altar_acropolis

Action                   || total
-------------------------++-------
Melee: Unarmed           ||    23
Armor: Scale mail        ||     3
Dodge: Dodged            ||    16

Table legend: (Time is in decaauts)
 A = Elapsed time spent in this place.
 B = Non-inter-level travel time spent in this place.
 C = Inter-level travel time spent in this place.
 D = Time resting spent in this place.
 E = Time spent auto-exploring this place.
 F = Levels seen in this place.
 G = Mean time per level.
                   A        B        C        D        E       F      G
               +--------+--------+--------+--------+--------+-----+--------+
         Total |    234 |    234 |      0 |      0 |    167 |   1 |  234.0 |
       Dungeon |    234 |    234 |      0 |      0 |    167 |   1 |  234.0 |
               +--------+--------+--------+--------+--------+-----+--------+

Top non-repeatable levels by time:
     D:1: 234 daAuts
